 Dungeon Crawl Stone Soup version 0.25-a0-35-g747a2b3c0c (webtiles) character file.

Game seed: 9875550475244134683, levelgen mode: deterministic

0 Gargoyl the Skirmisher (level 1, -15/19 HPs)
             Began as a Centaur Abyssal Knight on Oct 19, 2019.
             Was a Follower of Lugonu.
             Demolished by a tentacled starspawn (22 damage)
             ... on level 1 of the Abyss.
             The game lasted 00:00:27 (141 turns).

Gargoyl the Skirmisher (Centaur Abyssal Knight)      Turns: 141, Time: 00:00:29

Health: -15/19     AC:  4    Str: 11 (14) XL:     1   Next: 0%
Magic:  0/2        EV:  9    Int: 10 (11) God:    Lugonu [*.....]
Gold:   0          SH:  0    Dex:  6 (8)  Spells: 0/0 levels left

rFire    . . .     SeeInvis .   a - +1 hand axe
rCold    . . .     Gourm    .   (no shield)
rNeg     . . .     Faith    .   b - +0 leather armour
rPois    .         Spirit   .   (no helmet)
rElec    .         Reflect  .   (no cloak)
rCorr    .         Harm     .   (no gloves)
MR       .....                  (no barding)
Stlth    ..........             (no amulet)
HPRegen  0.00/turn              (no ring)
MPRegen  0.08/turn              (no ring)

@: non-regenerating, diseased, very quick
A: large, hooves 3, deformed body, speed 2, tough skin 3
a: Depart the Abyss, Renounce Religion


You were on level 1 of the Abyss.
You worshipped Lugonu.
Lugonu was aware of your devotion.
You were not hungry.

You visited 0 branches of the dungeon, and saw 0 of its levels.
You visited the Abyss 1 time.

Inventory:

Hand Weapons
 a - a +1 hand axe (weapon)
Armour
 b - a +0 leather armour (worn)
Scrolls
 d - a scroll of remove curse {unknown}
Comestibles
 c - a ration


   Skills:
 + Level 3.0 Fighting
 + Level 1.7 Axes
 + Level 1.3 Armour
 + Level 0.6 Dodging
 + Level 2.0 Invocations


You couldn't memorise any spells.
You didn't know any spells.
Your spell library was empty.

Dungeon Overview and Level Annotations

Branches:
Dungeon (0/15)

Altars:


Innate Abilities, Weirdness & Mutations

You have hooves in place of feet.
Armour fits poorly on your strangely shaped body.
You cover ground very quickly.
You have extremely tough skin. (AC +3)


Message History

The eye of draining gazes at you. The eye of draining gazes at you.
You hit the eye of draining.
The eye of draining is lightly wounded.
A tentacle flies out from the starspawn's body!
A starspawn tentacle comes into view.
You hit the eye of draining but do no damage.
The eye of draining is lightly wounded.
You feel ill.
You hit the eye of draining. Your kick misses the eye of draining.
The eye of draining is moderately wounded.
You barely miss the tentacled starspawn.
Unknown command.
It was a potion of degeneration.
There was something very wrong with that liquid.
You feel weakened.
You feel dopey.
You feel clumsy.
The tentacled starspawn barely misses you.
The tentacled starspawn engulfs you!!
Ouch! That really hurt!
You die...

# #.##.#...#..#
. ##.
#.X######..
#ยง#####.#.....
...## #..##
...#...##. .#
#. ..#.. #.##
.x. #...###. ..
....#.#.Xx####
. #.....GX@#
#.###.#### ..
.#.# ..# #..
#.# ## .. # #.#
#..# ## ... .##


You could see 2 tentacled starspawn, an ancient zyme and an eye of draining.

Vanquished Creatures (others)
  6 starspawn tentacles (Abyss:1)
6 creatures vanquished.

Notes
Turn   | Place    | Note
-------+----------+-------------------------------------------
     0 | Abyss:1  | Gargoyl the Centaur Abyssal Knight began the quest for the
                  | Orb.
     0 | Abyss:1  | Reached XP level 1. HP: 19/19 MP: 2/2
     3 | Abyss:1  | Found a corrupted altar of Lugonu.
    58 | Abyss:1  | Noticed a hellion
    89 | Abyss:1  | Noticed a large abomination
    91 | Abyss:1  | Noticed a bone dragon
    95 | Abyss:1  | Noticed a tentacled starspawn
   112 | Abyss:1  | Noticed a tentacled starspawn
   126 | Abyss:1  | Noticed an eye of draining
   128 | Abyss:1  | Noticed an ancient zyme
   141 | Abyss:1  | Demolished by a tentacled starspawn

Levels and vault maps discovered:
Abyss:1:  hangedman_decor_riveting

Action                   || total
-------------------------++-------
Melee: Hand axe          ||     4
  Use: Potion            ||     1
Dodge: Dodged            ||     2

Table legend:
 A = Non-vault XP
 B = Vault XP
 C = Vault XP percentage of total XP
 D = Non-vault monster count
 E = Vault monster count
 F = Vault count percentage of total count
                 A         B        C        D         E       F
            +---------+---------+-------+---------+---------+-------
      Total |       0 |       0 |   N/A |       0 |       0 |  -nan
            +---------+---------+-------+---------+---------+-------
            +---------+---------+-------+---------+---------+-------
